 Dungeon Crawl Stone Soup version 0.19.5 (webtiles) character file.

458995 Alarkh the Wrestler (level 24, 206/217 (218) HPs)
             Began as a Ghoul Monk on Jan 28, 2017.
             Was the Champion of Okawaru.
             Quit the game on level 2 of the Lair of Beasts on Apr 6, 2017.
             The game lasted 01:54:10 (46502 turns).

Alarkh the Wrestler (Ghoul Monk)                   Turns: 46502, Time: 01:54:10

HP:   206/217 (218) AC: 41    Str: 30    XL:     24   Next: 72%
MP:   28/28         EV: 20    Int: 16    God:    Okawaru [******]
Gold: 3454          SH: 16    Dex: 14    Spells: 3 memorised, 4 levels left

rFire  + + .     SeeInvis +       - Unarmed
rCold  + + .     Gourm    .     n - +7 fire dragon scales
rNeg   + + +     Faith    .     u - +1 shield of Sownuomm {*Contam rElec rN+ Str+8}
rPois  ∞         Spirit   +     F - +2 helmet {SInv}
rElec  +         Reflect  .     m - +2 cloak of the Mind {Str+4}
rCorr  .         Harm     .     C - +1 pair of gloves {Dex+3}
MR     +++..                    c - +1 pair of boots of the Morning {+Blink +Fly MR++ Stlth-}
Stlth  ..........               b - amulet "Tozemy" {Spirit rC+ Int+3}
                                R - ring of Robustness {AC+8}
                                M - ring of protection from cold

@: rotting
A: rotting body, claws 1, carnivore 3, cold resistance 1, negative energy
resistance 3, slow regeneration 1, torment resistance, unbreathing
a: Heroism, Finesse, Renounce Religion, Evoke Blink, Evoke Flight
}: 1/15 runes: serpentine


You were on level 2 of the Lair of Beasts.
You worshipped Okawaru.
Okawaru was exalted by your worship.
You were hungry.

You visited 9 branches of the dungeon, and saw 41 of its levels.
You also visited: Labyrinth, Ice Cave and Wizlab.

You collected 6434 gold pieces.
You spent 2980 gold pieces at shops.

Inventory:

Missiles
 Z - a throwing net (quivered)
Armour
 c - the +1 pair of boots of the Morning (worn) {+Blink +Fly MR++ Stlth-}
   (Okawaru gifted it to you on level 4 of the Vaults)

   It affects your resistance to hostile enchantments.
   It lets you fly.
   It lets you blink.
   It makes you less stealthy.
 j - the +2 helmet of Pandemonium {rN+ MR+ rCorr Str+3}
   (You found it on level 2 of the Depths)

   It affects your strength (+3).
   It protects you from negative energy.
   It affects your resistance to hostile enchantments.
   It protects you from acid and corrosion.
 m - the +2 cloak of the Mind (worn) {Str+4}
   (Okawaru gifted it to you on level 4 of the Snake Pit)

   It affects your strength (+4).
 n - +7 fire dragon scales (worn)
 u - the +1 shield of Sownuomm (worn) {*Contam rElec rN+ Str+8}
   (You found it on level 6 of the Dungeon)

   It affects your strength (+8).
   It insulates you from electricity.
   It protects you from negative energy.
   It causes magical contamination when unequipped.
 C - a +1 pair of gloves of dexterity (worn)
 F - a +2 helmet of see invisible (worn)
 S - the +1 pair of boots of the Game Afoot {Regen+}
   (Okawaru gifted it to you on level 3 of the Depths)

   It increases your rate of regeneration.
Jewellery
 b - the amulet "Tozemy" (around neck) {Spirit rC+ Int+3}
   (You acquired it on level 2 of the Lair of Beasts)

   [amulet of guardian spirit]

   It causes incoming damage to be split between your health and magic.
   It affects your intelligence (+3).
   It protects you from cold.
 M - a ring of protection from cold (left hand)
 R - the ring of Robustness (right hand) {AC+8}
   (You acquired it on level 3 of the Crypt)

   [ring of protection]

   It affects your AC (+8).
 X - an uncursed ring of teleportation
Wands
 a - a wand of disintegration (3/24)
 y - a wand of hasting (1/9)
 L - a wand of hasting (4/9)
 Y - a wand of disintegration (12/24)
Scrolls
 d - 12 scrolls of remove curse
 e - a scroll of identify
 g - 4 scrolls of fear
 i - 12 scrolls of teleportation
 l - 8 scrolls of blinking
 o - 3 scrolls of fog
 p - 3 scrolls of silence
 q - 8 scrolls of recharging
 s - a scroll of magic mapping
 U - a scroll of torment
 V - a scroll of summoning
Potions
 f - 17 potions of curing
 h - 2 potions of resistance
 k - 6 potions of might
 E - 5 potions of invisibility
 G - 8 potions of agility
 J - 3 potions of haste
 K - 11 potions of flight
 O - 12 potions of heal wounds


   Skills:
 + Level 18.4 Fighting
 + Level 15.5 Armour
 + Level 15.7 Dodging
 - Level 2.1 Stealth
 + Level 15.6 Shields
 * Level 25.9 Unarmed Combat
 - Level 8.0 Invocations


You had 4 spell levels left.
You knew the following spells:

 Your Spells              Type           Power        Failure   Level  Hunger
a - Tornado               Air            #.........   100%        9    #######
d - Repel Missiles        Chrm/Air       #.....       73%         2    ###....
r - Controlled Blink      Tloc           N/A          100%        8    #######


Dungeon Overview and Level Annotations

Branches:
Dungeon (15/15)            Temple (1/1) D:4            Lair (6/6) D:9
 Shoals (0/4) Lair:2        Snake (4/4) Lair:2        Slime (0/5) Lair:5
    Orc (2/2) D:11            Elf (3/3) Orc:2        Vaults (4/5) D:14
  Crypt (3/3) Vaults:3       Tomb (0/3) Crypt:3      Depths (3/5) D:15

Altars:
Ashenzari
Cheibriados
Dithmenos
Elyvilon
Fedhas
Gozag
Hepliaklqana
Kikubaaqudgha
Makhleb
Nemelex Xobeh
Okawaru
Qazlal
Ru
Sif Muna
Trog
Uskayaw
Vehumet
Xom
Yredelemnul
Zin
The Shining One
Beogh
Jiyva

Shops:
Orc:2 ([!*   Elf:2 !   Elf:3 ?}?   Snake:2 [([*   Snake:3 ==}   Vaults:1 :
Depths:1 *

Portals:
Hell: Depths:1 Depths:2 Depths:3
Abyss: Depths:3
Pandemonium: Depths:3


Innate Abilities, Weirdness & Mutations

Your body is rotting away.
You thrive on raw meat.
You are immune to poison.
You have sharp fingernails.
You are carnivorous and can eat meat at any time.
Your flesh is cold resistant. (rC+)
You are immune to negative energy. (rN+++)
You regenerate slowly when monsters are visible.
You are immune to unholy pain and torment.
You can survive without breathing.


Message History

Saving game... please wait.
Welcome back, Alarkh the Ghoul Monk.
Okawaru says: Bring me glory in combat!
Press ? for a list of commands and other information.
Saving game... please wait.
Welcome back, Alarkh the Ghoul Monk.
Okawaru says: Bring me glory in combat!
Press ? for a list of commands and other information.
Unknown command.
Saving game... please wait.
Welcome back, Alarkh the Ghoul Monk.
Okawaru says: Bring me glory in combat!
Press ? for a list of commands and other information.
Saving game... please wait.
Welcome back, Alarkh the Ghoul Monk.
Okawaru says: Bring me glory in combat!
Press ? for a list of commands and other information.
Unknown command.
Unknown command.
Are you sure you want to abandon this character and quit the game? (Confirm with "yes".)

.#...............................
..!..............................
.................................
...................).............
................)[))...###.(.###.
.........≈≈..≈.≈)[[[[<.#.......#.
##......≈#≈≈≈.##)["\.#.#.......#.
##.....#≈##≈≈.≈#|.....
..........≈.>..≈.....##..........
#P........#≈.[≈#.....###.......#.
##....##≈##≈#.≈##...## #.......##
#.....##.≈#.≈≈≈≈#...# ###...####
.#....#..≈...≈......# #.#.....#
....................## ##.......
.....................####.#.#....
.................................


There were no monsters in sight!

Vanquished Creatures
  2 ancient liches (Crypt:3)
  Sojobo (Depths:1)
  3 greater mummies (Crypt:1)
  Saint Roka (Crypt:2)
  Margery (Depths:3)
  Jory (Depths:3)
  the Enchantress (Depths:2)
  A bone dragon (Crypt:3)
  The ghost of markt42 the Executioner, an adept MiFi of Okawaru (Elf:3)
  3 liches
  A Cloud Mage (WizLab)
  The ghost of Vojta the Imperceptible, a veteran SpAs of Okawaru (Depths:2)
  Jorgrun (Vaults:2)
  Rupert (D:15)
  A deep elf master archer (Elf:3)
  3 ancient champions
  2 deep elf blademasters
  3 sphinxes
  Frances (Elf:1)
  2 tengu reavers (Depths:1)
  Kirke (Snake:4)
  9 fire giants
  13 nagarajas
  2 revenants
  6 frost giants
  Aizul (Elf:1)
  2 ghost moths (Depths:3)
  9 deep elf sorcerers
  2 curse skulls
  An orc warlord (Orc:2)
  3 spriggan defenders (Depths:2)
  3 deep elf elementalists (Elf:3)
  3 ghouls
  12 vault wardens
  13 ironheart preservers
  A caustic shrike skeleton (Depths:3)
  8 stone giants
  3 war gargoyles (Crypt:3)
  5 very ugly things
  7 vampire knights
  The ghost of TryAgain the Eclecticist, a journeyman DEIE of Vehumet (Elf:2)
  4 deep elf demonologists
  9 deep elf annihilators
  6 ettins
  4 eidola
  An ettin (shapeshifter) (Vaults:4)
  2 spark wasps (Depths:3)
  A merfolk javelineer (Depths:1)
  A green death (Depths:2)
  Snorg (Lair:5)
  15 deep elf death magi
  3 mummy priests
  A minotaur (Lair:1)
  8 fire dragons
  5 jiangshi
  7 yaktaur captains
  6 deep elf high priests (Elf:3)
  6 ice dragons
  3 rakshasas
  A great orb of eyes (shapeshifter) (Vaults:2)
  4 great orbs of eyes
  A merfolk impaler (Depths:1)
  4 vault guards
  4 spriggan air magi
  6 hydras
  4 death knights
  25 naga warriors
  7 anacondas
  Erica (Lair:1)
  A catoblepas (Lair:6)
  7 centaur warriors
  24 dancing weapons
  4 death yaks (Lair:6)
  3 deep troll earth magi
  3 vampire magi
  8 ogre magi
  A small abomination (Elf:3)
  3 deep troll shamans
  A tengu warrior (Depths:1)
  A shock serpent (shapeshifter) (Vaults:4)
  4 orc high priests (Orc:2)
  8 shock serpents
  19 deep elf knights
  19 naga sharpshooters
  A hellephant skeleton (Crypt:2)
  A fire crab (Lair:5)
  A storm dragon zombie (Crypt:3)
  12 hell knights
  Nergalle (D:11)
  A soul eater (Crypt:2)
  9 flayed ghosts
  3 salamander mystics
  8 shadow wraiths
  A large abomination (Elf:3)
  A spark wasp zombie (Depths:3)
  A storm dragon skeleton (Crypt:3)
  17 deep trolls
  2 unseen horrors
  21 skeletal warriors
  2 anaconda zombies
  4 wizards
  9 naga ritualists
  3 glowing orange brains
  11 hill giants
  2 lindwurms (Lair:6)
  14 deep elf archers
  4 necromancers
  12 phantasmal warriors
  The ghost of dscm the Chopper, a novice MiFi of Uskayaw (D:7)
  8 ironbrand convokers
  19 orc knights
  A mana viper (shapeshifter) (Elf:3)
  An orange crystal statue (Vaults:3)
  An anaconda skeleton (Crypt:2)
  74 deep elf magi
  2 wolf spider zombies
  7 harpies
  A wolf spider (Vaults:2)
  31 ugly things
  The ghost of Alarkh the Cleaver, a novice DsSk of Okawaru (D:6)
  10 mana vipers
  2 manticores (D:13)
  6 orc sorcerers
  13 salamanders
  2 cyclopes
  5 centaur zombies
  7 elephants
  A frost giant zombie (Depths:3)
  A shock serpent zombie (Crypt:2)
  4 ice statues (IceCv)
  7 torpor snails (Lair:6)
  8 guardian serpents (Snake:4)
  4 smoke demons (Crypt:3)
  25 naga magi
  A titan simulacrum (Crypt:2)
  32 black mambas
  5 gargoyles
  8 spiny frogs
  A stone giant skeleton (Crypt:3)
  14 vault sentinels
  A spiny frog (shapeshifter) (Vaults:2)
  2 kobold demonologists
  3 rime drakes
  5 spectral swamp worms (Depths:3)
  9 komodo dragons
  4 efreet
  2 rime drakes (shapeshifter)
  An entropy weaver simulacrum (Vaults:1)
  6 freezing wraiths
  54 yaktaurs
  6 red devils (Crypt:3)
  3 tengu conjurers
  6 ice devils (IceCv)
  A hydra zombie (Crypt:3)
  2 guardian mummies (Crypt:3)
  4 polar bears
  5 trolls
  A meliai (shapeshifter) (Vaults:2)
  11 blink frogs
  A hornet (shapeshifter) (D:15)
  11 hornets
  12 two-headed ogres
  21 slime creatures
  7 wind drakes (WizLab)
  6 tyrant leeches (Lair:6)
  11 hippogriffs
  A raiju (shapeshifter) (Depths:1)
  A fire dragon zombie (Crypt:2)
  A fire dragon skeleton (Crypt:3)
  A meliai zombie (D:15)
  9 redbacks
  An alligator skeleton (Crypt:3)
  A spriggan (shapeshifter) (Vaults:2)
  9 shadows
  32 air elementals
  An ettin skeleton (Crypt:3)
  2 spriggans (Depths:2)
  A satyr skeleton (Crypt:1)
  4 wyverns
  An ushabti (Crypt:3)
  13 wraiths
  A human (D:8)
  A vampire (D:11)
  5 water elementals
  2 black mamba skeletons
  16 yaks
  A tarantella (shapeshifter) (Vaults:3)
  A hill giant zombie (Crypt:2)
  A fire elemental (Elf:1)
  5 basilisks
  2 human simulacra
  4 hogs
  5 hungry ghosts
  12 vampire mosquitoes
  6 mottled dragons
  A water nymph zombie (Crypt:1)
  9 insubstantial wisps (WizLab)
  71 nagas
  5 wargs
  A swamp worm (Lair:6)
  A soldier ant (D:11)
  A merfolk skeleton (Crypt:2)
  12 water moccasins
  8 porcupines
  62 orc warriors
  5 sky beasts
  5 ice beasts
  2 hornet zombies (D:10)
  6 necrophages
  2 eyes of draining
  A manticore zombie (Crypt:3)
  3 phantoms
  4 boggarts (Vaults:3)
  A swamp dragon zombie (Crypt:2)
  44 ogres
  The ghost of Alarkh the Chopper, an amateur DsMo (D:3)
  28 centaurs
  17 crocodiles
  5 wolves
  A manticore skeleton (Crypt:1)
  A hog skeleton (Crypt:1)
  3 big kobolds
  13 bullfrogs
  An earth elemental (Elf:2)
  A yaktaur zombie (Crypt:2)
  2 wyvern zombies (D:10)
  2 scorpions (D:12)
  A shapeshifter zombie (Crypt:1)
  An orc simulacrum (Vaults:1)
  A spriggan zombie (Crypt:2)
  9 killer bees
  18 wights
  2 electric eels (Elf:3)
  A howler monkey (D:14)
  4 crimson imps
  3 draconian simulacra (IceCv)
  6 hounds
  A quasit (D:14)
  2 bullfrog skeletons
  15 jellies
  43 orc priests
  3 centaur skeletons
  A human skeleton (Crypt:2)
  Natasha (twice) (D:3)
  7 iguanas
  21 orc wizards
  4 worker ants
  2 troll simulacra (IceCv)
  2 spriggan simulacra (IceCv)
  2 centaur simulacra
  A tengu skeleton (Crypt:2)
  A hound skeleton (D:4)
  12 mummies
  A hell rat zombie (Crypt:2)
  A howler monkey zombie (D:10)
  4 worker ant zombies (D:10)
  3 gnolls (D:10)
  10 adders
  A howler monkey skeleton (D:8)
  2 naga simulacra (IceCv)
  A river rat (Lair:6)
  3 shadow imps
  3 oozes
  2 adder zombies
  2 adder skeletons
  3 worms
  5 leopard geckos
  143 orcs
  A ball python (D:3)
  4 bats
  6 giant cockroaches
  3 goblins
  4 hobgoblins
  12 jackals
  7 kobolds
  11 quokkas
  A frilled lizard (D:1)
  A goblin skeleton (Crypt:2)
  A kobold zombie (Crypt:1)
  11 rats
  4 crawling corpses
  A plant (Lair:1)
1896 creatures vanquished.

Vanquished Creatures (others)
  Nikola (Vaults:1)
  2 centaur warriors
  3 deep elf knights
  3 humans (Snake:4)
  2 insubstantial wisps (WizLab)
  A naga (Snake:4)
  3 centaurs
  An electric eel (D:11)
  An orc wizard (D:11)
  2 orcs
  4 fungi
  19 plants
  A withered plant (Crypt:3)
43 creatures vanquished.

Grand Total: 1939 creatures vanquished

Notes
Turn   | Place    | Note
-------+----------+-------------------------------------------
     0 | D:1      | Alarkh the Ghoul Monk began the quest for the Orb.
     0 | D:1      | Reached XP level 1. HP: 19/19 MP: 0/0
   214 | D:1      | Reached XP level 2. HP: 24/26 MP: 1/1
   341 | D:1      | Reached skill level 4 in Unarmed Combat
   606 | D:2      | Found a shattered altar of Ashenzari.
   608 | D:2      | Found a burning altar of Makhleb.
   844 | D:2      | Reached XP level 3. HP: 26/31 MP: 2/2
  1228 | D:3      | Noticed Natasha
  1412 | D:3      | Killed Natasha
  1412 | D:3      | Reached skill level 5 in Unarmed Combat
  1412 | D:3      | Reached XP level 4. HP: 18/38 MP: 3/3
  1629 | D:3      | Noticed Alarkh's ghost (amateur DsMo)
  1662 | D:3      | Noticed Natasha
  1821 | D:3      | Killed Natasha
  1885 | D:3      | Reached skill level 6 in Unarmed Combat
  1885 | D:3      | Reached XP level 5. HP: 38/45 MP: 4/4
  2005 | D:3      | Killed Alarkh's ghost
  2005 | D:3      | Reached skill level 7 in Unarmed Combat
  2005 | D:3      | Reached XP level 6. HP: 42/51 MP: 5/5
  2315 | D:4      | Found a glowing golden altar of the Shining One.
  2555 | D:4      | Found a staircase to the Ecumenical Temple.
  2664 | Temple   | Entered the Ecumenical Temple
  2671 | Temple   | Became a worshipper of Warmaster Okawaru
  2671 | Temple   | Reached * piety under Okawaru
  2671 | Temple   | Reached ** piety under Okawaru
  2781 | D:5      | Entered Level 5 of the Dungeon
  2833 | D:5      | Noticed an ice beast
  2847 | D:5      | Killed an ice beast
  2847 | D:5      | Reached skill level 8 in Unarmed Combat
  2847 | D:5      | Reached XP level 7. HP: 26/57 MP: 6/6
  3132 | D:5      | Reached skill level 9 in Unarmed Combat
  3197 | D:5      | Found a bloodstained altar of Trog.
  3359 | D:5      | Reached skill level 10 in Unarmed Combat
  3359 | D:5      | Reached XP level 8. HP: 47/63 MP: 7/7
  3579 | D:5      | Found an ancient bone altar of Kikubaaqudgha.
  3579 | D:5      | Found a basalt altar of Yredelemnul.
  3993 | D:6      | Reached *** piety under Okawaru
  4183 | D:6      | Noticed Alarkh's ghost (novice DsSk)
  4187 | D:6      | Noticed a hippogriff
  4326 | D:6      | Reached skill level 11 in Unarmed Combat
  4345 | D:6      | Got a distressingly furry shield
  4353 | D:6      | Identified the +1 shield of Sownuomm {*Contam rElec rN+ Str+8} (You found it on level 6 of the Dungeon)
  4364 | D:6      | Noticed a wraith
  4376 | D:6      | Killed a wraith
  4376 | D:6      | Reached skill level 1 in Shields
  4445 | D:6      | Killed a hippogriff
  4445 | D:6      | Reached skill level 1 in Armour
  4889 | D:6      | Reached XP level 9. HP: 39/71 MP: 5/8
  5054 | D:7      | Noticed dscm's ghost (novice MiFi)
  5561 | D:7      | Reached **** piety under Okawaru
  5985 | D:8      | Got a twisted robe
  5996 | D:8      | Identified the +2 robe of a bailey {rN+ Regen+ Dex+2 Stlth+} (You found it on level 8 of the Dungeon)
  6159 | D:8      | Reached skill level 5 in Fighting
  6159 | D:8      | Reached skill level 12 in Unarmed Combat
  6189 | D:8      | Noticed an efreet
  6189 | D:8      | Noticed an efreet
  6206 | D:8      | Killed an efreet
  6210 | D:8      | Killed an efreet
  6219 | D:8      | Reached XP level 10. HP: 37/80 MP: 9/9
  6443 | D:8      | Reached ***** piety under Okawaru
  6500 | D:8      | Reached skill level 5 in Dodging
  6686 | D:8      | Found a shadowy altar of Dithmenos.
  6812 | D:7      | Killed dscm's ghost
  6898 | D:7      | Found a blossoming altar of Fedhas.
  7129 | D:6      | Killed Alarkh's ghost
  7129 | D:6      | Reached skill level 13 in Unarmed Combat
  7269 | D:9      | Noticed an elephant
  7280 | D:9      | Killed an elephant
  7308 | D:9      | Found a staircase to the Lair.
  7341 | D:9      | Received a gift from Okawaru
  7565 | D:9      | Found a radiant altar of Vehumet.
  7740 | Lair:1   | Entered Level 1 of the Lair of Beasts
  7769 | Lair:1   | Reached skill level 1 in Invocations
  7821 | Lair:1   | Noticed a spiny frog
  7829 | Lair:1   | Killed a spiny frog
  7852 | Lair:1   | Reached XP level 11. HP: 63/91 MP: 11/11
  7863 | Lair:1   | Found a labyrinth entrance.
  7875 | Lab      | Entered a labyrinth
  8170 | Lab      | Noticed a minotaur
  8171 | Lab      | Noticed a manticore
  8190 | Lab      | Noticed a brown ugly thing
  8190 | Lab      | Noticed a brown ugly thing
  8190 | Lab      | Noticed a brown ugly thing
  8190 | Lab      | Noticed a brown ugly thing
  8190 | Lab      | Noticed a brown ugly thing
  8284 | Lab      | Reached skill level 5 in Armour
  8363 | Lab      | Got a transparent rapier
  8394 | Lab      | Noticed a cyclops
  8622 | Lair:2   | Found a staircase to the Shoals.
  8682 | Lair:2   | Identified a +8 rod of clouds (10/10) (You found it in a labyrinth)
  8722 | Lair:2   | Learned a level 8 spell: Controlled Blink
  8727 | Lair:2   | Found a staircase to the Snake Pit.
  8904 | Lair:2   | Reached skill level 5 in Shields
  9547 | Lair:1   | Identified the Papyrus of Aerial Cold
  9676 | Lair:1   | Noticed Erica
  9684 | Lair:1   | Killed Erica
  9684 | Lair:1   | Reached skill level 5 in Invocations
  9911 | Lair:1   | Received a gift from Okawaru
 10353 | Lair:3   | Noticed a seven-headed hydra
 10362 | Lair:3   | Killed a seven-headed hydra
 10362 | Lair:3   | Reached XP level 12. HP: 67/100 MP: 13/16
 10401 | Lair:3   | Reached skill level 14 in Unarmed Combat
 10696 | Lair:4   | Found a frozen archway.
 10780 | IceCv    | Entered an ice cave
 11011 | IceCv    | Reached ****** piety under Okawaru
 11222 | IceCv    | Received a gift from Okawaru
 11225 | IceCv    | Got a steaming hat {god gift}
 11236 | IceCv    | Identified the -5 hat "Rageck" {+Inv rPois Int-5 SInv} (Okawaru gifted it to you in an ice cave)
 11257 | IceCv    | Got a pitted great sword
 11260 | IceCv    | Identified the cursed +1 great sword of Bloodstone {drain, Fragile rC+ rN++ MR-} (You found it in an ice cave)
 11355 | Lair:4   | Reached skill level 15 in Unarmed Combat
 11831 | Lair:4   | Noticed a four-headed hydra
 11841 | Lair:4   | Killed a four-headed hydra
 12068 | Lair:5   | Found a staircase to the Slime Pits.
 12218 | Lair:5   | Reached XP level 13. HP: 69/107 MP: 18/18
 12420 | Lair:5   | Noticed Snorg
 12433 | Lair:5   | Killed Snorg
 12775 | Lair:6   | Entered Level 6 of the Lair of Beasts
 13121 | Lair:6   | Received a gift from Okawaru
 13336 | Lair:6   | Reached skill level 16 in Unarmed Combat
 13738 | Lair:6   | Reached XP level 14. HP: 118/118 MP: 19/19
 13895 | Lair:6   | Found a runed door.
 14281 | Lair:6   | Received a gift from Okawaru
 14782 | D:10     | Entered Level 10 of the Dungeon
 14795 | D:10     | Identified a +2 rod of shadows (7/9) (You took it off a minotaur on level 1 of the Lair of Beasts)
 14876 | D:10     | Reached skill level 10 in Fighting
 15974 | D:11     | Reached skill level 17 in Unarmed Combat
 16010 | D:11     | Noticed Nergalle
 16023 | D:11     | Killed Nergalle
 16237 | D:11     | Found a staircase to the Orcish Mines.
 16543 | D:12     | You fall through a shaft!
 16942 | D:12     | Received a gift from Okawaru
 16962 | D:12     | Identified a +2 pair of boots of running (Okawaru gifted it to you on level 12 of the Dungeon)
 17281 | D:13     | Found a viscous altar of Jiyva.
 17509 | D:13     | Reached XP level 15. HP: 58/127 MP: 20/20
 17733 | D:14     | Found a blossoming altar of Fedhas.
 17965 | D:14     | Got a warped plate armour
 17990 | D:14     | Identified the cursed +1 plate armour of Zin's Hatred {rElec rN+++ Str-5 Stlth+} (You found it on level 14 of the Dungeon)
 18307 | D:14     | Found a gate to the Vaults.
 18572 | D:15     | Entered Level 15 of the Dungeon
 18602 | D:15     | Noticed Rupert
 18620 | D:15     | Killed Rupert
 18713 | D:15     | Received a gift from Okawaru
 18838 | D:15     | Found a staircase to the Depths.
 18839 | D:15     | Noticed a fire giant
 18956 | D:15     | Killed a fire giant
 18956 | D:15     | Reached skill level 18 in Unarmed Combat
 19699 | Orc:1    | Entered Level 1 of the Orcish Mines
 19777 | Orc:2    | Entered Level 2 of the Orcish Mines
 19989 | Orc:1    | Found a runed door.
 20125 | Orc:1    | Found a roughly hewn altar of Beogh.
 20365 | Orc:2    | Reached skill level 10 in Dodging
 20510 | Orc:2    | Found a roughly hewn altar of Beogh.
 20870 | Orc:2    | Received a gift from Okawaru
 20871 | Orc:2    | Got a dazzling crystal plate armour {god gift}
 20882 | Orc:2    | Identified the +1 crystal plate armour "Pycyoff" {rPois rF+ Dex+3} (Okawaru gifted it to you on level 2 of the Orcish Mines)
 21008 | Orc:2    | Noticed an orc warlord
 21023 | Orc:2    | Killed an orc warlord
 21039 | Orc:2    | Found Okhlajupt's Antique Weapon Boutique.
 21075 | Orc:2    | Found a roughly hewn altar of Beogh.
 21241 | Orc:2    | Found a staircase to the Elven Halls.
 21420 | Orc:2    | Reached XP level 16. HP: 128/139 MP: 21/21
 21488 | Orc:2    | Found Xiepasun's Armour Emporium.
 21727 | Orc:2    | Found Fuapuem's Assorted Antiques.
 21739 | Orc:2    | Bought a scroll labeled VIPUGIUHEST for 35 gold pieces
 21739 | Orc:2    | Bought a scroll of identify for 70 gold pieces
 21739 | Orc:2    | Bought a smoking crystal amulet for 175 gold pieces
 21739 | Orc:2    | Identified the amulet "Qarretripra" {*Corrode rN+ Regen+ Int+3} (You bought it in a shop on level 2 of the Orcish Mines)
 21746 | Orc:2    | Found Gylalemas's Distillery.
 21771 | Orc:2    | Bought a potion of might for 52 gold pieces
 21771 | Orc:2    | Bought a potion of might for 52 gold pieces
 22472 | Orc:2    | Bought a +1 cloak of invisibility for 297 gold pieces
 22676 | Snake:1  | Entered Level 1 of the Snake Pit
 22759 | Snake:1  | Reached skill level 10 in Shields
 23299 | Snake:1  | Received a gift from Okawaru
 23613 | Snake:2  | Found Hutaoq's Armour Boutique.
 23636 | Snake:2  | Reached skill level 10 in Armour
 23636 | Snake:2  | Reached skill level 19 in Unarmed Combat
 23693 | Snake:2  | Found Xeotib's Antique Weapon Shoppe.
 23699 | Snake:2  | Found Gimom's Assorted Antiques.
 23699 | Snake:2  | Found Gewnoh's Antique Armour Shoppe.
 23716 | Snake:2  | Found Puuddaw's Armour Emporium.
 23719 | Snake:2  | Bought a scroll of blinking for 135 gold pieces
 23719 | Snake:2  | Bought 2 potions of heal wounds for 180 gold pieces
 23719 | Snake:2  | Bought a potion of might for 72 gold pieces
 24126 | Snake:3  | Identified a scroll of acquirement
 24399 | Snake:3  | Found Dumenena's Gadget Shoppe.
 24399 | Snake:3  | Found Rienn's Jewellery Boutique.
 24400 | Snake:3  | Found Omiris's Jewellery Boutique.
 24405 | Snake:3  | Bought a cursed ring of loudness for 67 gold pieces
 24405 | Snake:3  | Bought a cursed amulet of inaccuracy for 30 gold pieces
 24413 | Snake:3  | Bought an uncursed ring of protection from magic for 425 gold pieces
 24620 | Snake:3  | Received a gift from Okawaru
 24799 | Snake:3  | Reached XP level 17. HP: 94/148 MP: 18/22
 24828 | Snake:3  | Got a pair of faintly humming boots {god gift}
 24839 | Snake:3  | Identified the +0 pair of boots of Ommazohu {Str+6} (Okawaru gifted it to you on level 3 of the Snake Pit)
 24897 | Snake:4  | Entered Level 4 of the Snake Pit
 25169 | Snake:4  | Noticed Kirke
 25194 | Snake:4  | Killed Kirke
 25464 | Snake:4  | Received a gift from Okawaru
 25532 | Snake:4  | Reached skill level 20 in Unarmed Combat
 26129 | Snake:4  | Received a gift from Okawaru
 26158 | Snake:4  | Got a spiked cloak {god gift}
 26169 | Snake:4  | Identified the +2 cloak of the Mind {Str+4} (Okawaru gifted it to you on level 4 of the Snake Pit)
 26264 | Snake:4  | Got a serpentine marble ring
 26358 | Snake:4  | Reached XP level 18. HP: 114/157 MP: 23/23
 26855 | Snake:4  | Received a gift from Okawaru
 26996 | Snake:4  | Got a serpentine rune of Zot
 27230 | Lair:2   | Identified the ring of Fragile Peace {+Inv rElec rPois MR+} (You took it off a naga on level 4 of the Snake Pit)
 27245 | Lair:2   | Got a clouded copper amulet
 27246 | Lair:2   | Identified the amulet "Tozemy" {Spirit rC+ Int+3} (You acquired it on level 2 of the Lair of Beasts)
 27406 | Vaults:1 | Entered Level 1 of the Vaults
 27406 | Vaults:1 | Noticed Nikola
 27424 | Vaults:1 | Killed Nikola
 27472 | Vaults:1 | Found Ynin's Book Shoppe.
 27810 | Vaults:1 | Received a gift from Okawaru
 27857 | Vaults:1 | Noticed a Tzitzimitl
 27922 | Vaults:1 | Reached skill level 21 in Unarmed Combat
 27972 | Vaults:1 | Paralysed by an orc sorcerer for 7 turns
 28842 | Vaults:1 | Reached XP level 19. HP: 160/168 MP: 18/24
 28846 | Vaults:1 | Received a gift from Okawaru
 29046 | Vaults:2 | Noticed Jorgrun
 29061 | Vaults:2 | Killed Jorgrun
 29912 | Vaults:2 | Received a gift from Okawaru
 30475 | Vaults:3 | Reached skill level 15 in Fighting
 30772 | Vaults:3 | Reached skill level 22 in Unarmed Combat
 30780 | Vaults:3 | Reached XP level 20. HP: 134/178 MP: 13/25
 30965 | Vaults:3 | Found a staircase to the Crypt.
 31857 | Vaults:4 | Received a gift from Okawaru
 31860 | Vaults:4 | Got a pair of spiked boots {god gift}
 31871 | Vaults:4 | Identified the +1 pair of boots of the Morning {+Blink +Fly MR++ Stlth-} (Okawaru gifted it to you on level 4 of the Vaults)
 32711 | Vaults:4 | Received a gift from Okawaru
 33896 | Elf:1    | Entered Level 1 of the Elven Halls
 34102 | Elf:1    | Noticed Aizul
 34110 | Elf:1    | Killed Aizul
 34181 | Elf:1    | Received a gift from Okawaru
 34198 | Elf:1    | Reached XP level 21. HP: 179/187 MP: 26/26
 34221 | Elf:1    | Noticed Frances
 34238 | Elf:1    | Killed Frances
 34756 | Elf:1    | Identified the Guide on Supportive Confrontation
 34789 | Elf:2    | Reached skill level 23 in Unarmed Combat
 34874 | Elf:2    | Noticed TryAgain's ghost (journeyman DEIE)
 34885 | Elf:2    | Killed TryAgain's ghost
 34930 | Elf:2    | Found a runed gate.
 34930 | Elf:2    | Found a runed gate.
 34932 | Elf:2    | Found a runed gate.
 34969 | Elf:2    | Received a gift from Okawaru
 35007 | Elf:2    | Found a magical portal.
 35056 | WizLab   | Entered The Chambers of the Cloud Mage
 35496 | WizLab   | Identified the Tome of Weightlessness
 35499 | WizLab   | Identified the Grimoire of the Monkey
 35722 | Elf:2    | Found Ceinwes's Distillery.
 35729 | Elf:2    | Bought a potion of heal wounds for 75 gold pieces
 35729 | Elf:2    | Bought a potion of heal wounds for 75 gold pieces
 36349 | Elf:3    | Entered Level 3 of the Elven Halls
 36923 | Elf:3    | Found Cehuqeul's Magic Scroll Shoppe.
 36962 | Elf:3    | Found Ecowyts's Gadget Shoppe.
 37020 | Elf:3    | Received a gift from Okawaru
 37021 | Elf:3    | Got a smoking cloak {god gift}
 37139 | Elf:3    | Identified the +0 cloak of Jigsaw {rPois Int+2} (Okawaru gifted it to you on level 3 of the Elven Halls)
 37178 | Elf:3    | Found Tytsoick's Magic Scroll Emporium.
 37206 | Elf:3    | Bought a scroll of enchant armour for 120 gold pieces
 37388 | Elf:3    | Noticed markt42's ghost (adept MiFi)
 37420 | Elf:3    | Killed markt42's ghost
 37420 | Elf:3    | Reached XP level 22. HP: 173/196 MP: 20/27
 37779 | Elf:3    | Received a gift from Okawaru
 37780 | Elf:3    | Got a shimmering demon trident {god gift}
 37781 | Elf:3    | Identified the +7 demon trident of the Candelabrum {flame, rC++ rN+ Dex-3 Stlth+} (Okawaru gifted it to you on level 3 of the Elven Halls)
 37797 | Elf:3    | Got a glittering pewter ring
 37800 | Elf:3    | Identified the Papyrus of Displacement
 37925 | Elf:3    | Reached skill level 24 in Unarmed Combat
 38221 | Elf:3    | Got a pitted scale mail
 38265 | Elf:3    | Identified the +1 scale mail of Dixkeunlu {*Corrode Str+3 Int+3 Dex+5} (You found it on level 3 of the Elven Halls)
 38325 | Elf:3    | Identified the ring "Gethop" {MP+9 Str+3 Int+4 Stlth+} (You found it on level 3 of the Elven Halls)
 38979 | Crypt:1  | Entered Level 1 of the Crypt
 39319 | Crypt:1  | Noticed a greater mummy
 39335 | Crypt:1  | Killed a greater mummy
 39370 | Crypt:1  | Noticed a greater mummy
 39380 | Crypt:1  | Killed a greater mummy
 39381 | Crypt:1  | Noticed a greater mummy
 39387 | Crypt:1  | Killed a greater mummy
 39703 | Crypt:1  | Received a gift from Okawaru
 39790 | Crypt:2  | Noticed Saint Roka
 40044 | Crypt:2  | Killed Saint Roka
 40694 | Crypt:2  | Reached XP level 23. HP: 206/206 MP: 28/28
 40816 | Crypt:3  | Entered Level 3 of the Crypt
 41237 | Crypt:3  | Received a gift from Okawaru
 41426 | Crypt:3  | Found a staircase to the Tomb.
 41881 | Crypt:3  | Noticed an ancient lich
 41882 | Crypt:3  | Found an ancient bone altar of Kikubaaqudgha.
 41891 | Crypt:3  | Killed an ancient lich
 41891 | Crypt:3  | Received a gift from Okawaru
 41903 | Crypt:3  | Identified the Grimoire of Icy Moulding
 41921 | Crypt:3  | Got a brightly glowing ring mail
 41925 | Crypt:3  | Noticed an ancient lich
 41941 | Crypt:3  | Killed an ancient lich
 41941 | Crypt:3  | Reached skill level 15 in Shields
 42293 | Crypt:3  | Identified the cursed +0 ring mail of Temperance {Int+3 Stlth+} (You found it on level 3 of the Crypt)
 42313 | Crypt:3  | Got a sparkling lead amulet
 42314 | Crypt:3  | Identified the amulet of the Evening {Harm *Corrode *Drain rF++ Dex+5} (You acquired it on level 3 of the Crypt)
 42354 | Crypt:1  | Reached skill level 25 in Unarmed Combat
 42729 | Lair:2   | Learned a level 9 spell: Tornado
 42905 | Depths:1 | Entered Level 1 of the Depths
 42967 | Depths:1 | Learned a level 2 spell: Repel Missiles
 43090 | Depths:1 | Reached skill level 15 in Dodging
 43212 | Depths:1 | Noticed Sojobo
 43237 | Depths:1 | Killed Sojobo
 43319 | Depths:1 | Received a gift from Okawaru
 43324 | Depths:1 | Reached skill level 15 in Armour
 43339 | Depths:1 | Found Ynehich's Changing Room.
 43358 | Depths:1 | Bought the +14 plutonium sword {*Contam Stlth-} for 1120 gold pieces
 43729 | Depths:1 | Found a gateway to Hell.
 43974 | Depths:2 | Noticed the Enchantress
 43989 | Depths:2 | Killed the Enchantress
 43991 | Depths:2 | Got faerie dragon scales
 43992 | Depths:2 | Identified the +7 faerie dragon scales {rPois} (You took it off the Enchantress on level 2 of the Depths)
 43994 | Depths:2 | Noticed Vojta's ghost (veteran SpAs)
 44023 | Depths:2 | Reached XP level 24. HP: 109/216 MP: 13/28
 44052 | Depths:2 | Killed Vojta's ghost
 44194 | Depths:2 | Received a gift from Okawaru
 44542 | Depths:2 | Got a polished scale mail
 44543 | Depths:2 | Identified the cursed +0 scale mail of Vuboetz {Int+3 Slay+5} (You took it off a spriggan rider on level 2 of the Depths)
 44572 | Depths:2 | Got an ancient helmet
 44583 | Depths:2 | Identified the +2 helmet of Pandemonium {rN+ MR+ rCorr Str+3} (You found it on level 2 of the Depths)
 44853 | Depths:3 | Noticed Jory
 44870 | Depths:3 | Killed Jory
 44892 | Depths:3 | Noticed Margery
 44938 | Depths:3 | Killed Margery
 45141 | Depths:3 | Found a one-way gate leading to the halls of Pandemonium.
 45268 | Depths:3 | Received a gift from Okawaru
 45269 | Depths:3 | Got a pair of steaming boots {god gift}
 45270 | Depths:3 | Identified the +1 pair of boots of the Game Afoot {Regen+} (Okawaru gifted it to you on level 3 of the Depths)
 45616 | Depths:3 | Found a one-way gate to the infinite horrors of the Abyss.
 46502 | Lair:2   | Upgraded the game from 0.19.3-4-gbf9329e to 0.19.4
 46502 | Lair:2   | Upgraded the game from 0.19.4 to 0.19.4-9-g45fd643
 46502 | Lair:2   | Upgraded the game from 0.19.4-9-g45fd643 to 0.19.4-10-g532645f
 46502 | Lair:2   | Upgraded the game from 0.19.4-10-g532645f to 0.19.5
 46502 | Lair:2   | Quit the game

Skill      XL: |  1  2  3  4  5  6  7  8  9 10 11 12 13 14 15 16 17 18 19 20 21 22 23 24 |
---------------+-------------------------------------------------------------------------+-----
Unarmed Combat | 4 5 6 7 8 10 11 12 13 15 16 17 18 19 20 21 22 23 24 25 | 25.9
Dodging        | 3 4 5 6 7 8 9 10 11 12 13 14 15 | 15.7
Shields        | 1 3 4 5 6 7 8 9 10 11 12 13 14 15 | 15.6
Armour         | 1 3 4 5 6 7 8 9 10 11 12 13 14 15 | 15.5
Fighting       | 4 5 6 7 8 9 10 11 12 13 14 15 16 17 18 | 18.4
Invocations    | 1 7 8 |  8.0
Stealth        | |  2.1

Action                   |  1- 3 |  4- 6 |  7- 9 | 10-12 | 13-15 | 16-18 | 19-21 | 22-24 || total
-------------------------+-------+-------+-------+-------+-------+-------+-------+-------++-------
Melee: Unarmed           |    81 |   143 |   299 |   743 |  1679 |  1761 |  1871 |  1673 ||  8250
       Punch             |     1 |     6 |     1 |       |       |       |       |       ||     8
Invok: Heroism           |       |       |     7 |     8 |    16 |    15 |    18 |     8 ||    72
       Finesse           |       |       |       |     1 |     1 |       |     3 |     2 ||     7
 Abil: Evoke Flight      |       |       |       |       |       |       |     1 |     4 ||     5
Evoke: Wand              |       |       |       |     5 |     1 |     7 |     1 |       ||    14
  Use: Potion            |     1 |     7 |     4 |     2 |     2 |       |       |       ||    16
       Scroll            |       |     4 |     4 |    18 |    17 |    12 |     3 |    10 ||    68
 Stab: Sleeping          |     4 |     1 |       |       |     3 |       |       |       ||     8
  Eat: Chunk             |     3 |    15 |    31 |    62 |   104 |   126 |    87 |    59 ||   487
Armor: Robe              |    13 |    11 |       |       |       |       |       |       ||    24
       Fire dragon scale |       |     9 |   115 |   253 |   384 |   507 |   475 |   343 ||  2086
Dodge: Dodged            |    53 |    57 |    92 |   260 |   501 |   650 |   657 |   648 ||  2918
Block: Shield            |       |       |   114 |   403 |  1042 |  1063 |  1082 |   830 ||  4534
       Reflection        |       |       |       |       |    64 |       |       |       ||    64
